 Dungeon Crawl Stone Soup version 0.27-a0-1149-g4505690ab0 (webtiles) character file.

Game seed: 17670351783555054913

52 wirefist the Firebug (level 3, -1/26 HPs)
             Began as a Demonspawn Fire Elementalist on May 12, 2021.
             Killed by nerve-wracking pain
             ... invoked by Jessica
              (6 damage)
             ... on level 2 of the Dungeon.
             The game lasted 00:07:43 (1920 turns).

wirefist the Firebug (Demonspawn Fire Elementalist) Turns: 1920, Time: 00:07:43

Health: -1/26      AC:  9    Str:  8    XL:     3   Next: 60%
Magic:  6/6        EV: 12    Int: 17    God:
Gold:   36         SH:  0    Dex: 13    Spells: 3/6 levels left

rFire    . . .     SeeInvis .   b - +0 whip
rCold    . . .     Faith    .   (no shield)
rNeg     . . .     Spirit   .   a - +0 robe
rPois    .         Reflect  .   c - +0 helmet
rElec    .         Harm     .   (no cloak)
rCorr    .         Rampage  .   (no gloves)
Will     .....                  (no boots)
Stlth    ++........             (no amulet)
HPRegen  0.08/turn              g - +4 ring of protection
MPRegen  0.10/turn              (no ring)

@: no status effects
A: hooves 1, slimy green scales 1
a: no special abilities


You were on level 2 of the Dungeon.
You visited 1 branch of the dungeon, and saw 2 of its levels.

You collected 36 gold pieces.

Inventory:

Hand Weapons
 b - a +0 whip (weapon)
Armour
 a - a +0 robe (worn)
 c - a +0 helmet (worn)
Jewellery
 g - a +4 ring of protection (left hand)
Scrolls
 d - a scroll of enchant weapon {unknown}
 e - a scroll of teleportation {unknown}
 f - 2 scrolls of blinking {unknown}
 h - a scroll of fog {unknown}
Potions
 i - a potion of flight {unknown}
 j - a potion of mutation {unknown}


   Skills:
 + Level 1.3 Fighting
 + Level 2.2 Dodging
 - Level 1.9 Stealth
 + Level 2.3 Spellcasting
 + Level 1.7 Conjurations
 + Level 3.0 Fire Magic


You had 3 spell levels left.
You knew the following spells:

 Your Spells              Type           Power      Damage    Failure   Level
a - Foxfire               Conj/Fire      40%        2x1d6     7%          1
b - Blink                 Tloc           N/A        N/A       28%         2

Your spell library contained the following spells:

 Spells                   Type           Power      Damage    Failure   Level
 Magic Dart               Conj           28%        1d4       10%         1
 Animate Skeleton         Necr           4%         N/A       19%         1
 Pain                     Necr           8%         1d4       19%         1
 Conjure Flame            Conj/Fire      10%        6-21      22%         3
 Call Imp                 Summ           2%         N/A       28%         2
 Slow                     Hex            2%         N/A       28%         2
 Inner Flame              Hex/Fire       7%         N/A       30%         3
 Mephitic Cloud           Conj/Pois/Air  3%         N/A       41%         3
 Vampiric Draining        Necr           1%         2d6       50%         3
 Sticky Flame             Conj/Fire      10%        2d3       56%         4
 Animate Dead             Necr           1%         N/A       88%         4
 Fireball                 Conj/Fire      5%         3d5       89%         5
 Agony                    Necr           2%         N/A       99%         5


Dungeon Overview and Level Annotations

Branches:
Dungeon (2/15)

Altars:

Annotations:
D:2 Jessica, Sigmund


Innate Abilities, Weirdness & Mutations

You have large cloven feet.
You are partially covered in slimy green scales. (AC +2)


Message History

You conjure some foxfire!
The adder bites you.
Jessica the Apprentice Sorceress comes into view.
She is wielding a +2 dagger of holy wrath.
The adder closely misses you.
You barely miss the adder.
The adder is heavily wounded.
The foxfire hits the adder.
The adder is severely wounded.
The foxfire hits the adder.
You kill the adder!
Jessica points at you and mumbles some strange words.
Pain shoots through your body!
Jessica casts a spell.
Jessica blinks!
You see here a +0 dagger.
Found 7 gold pieces.
You see here 12 stones.
Jessica gestures wildly while chanting.
Jessica seems to speed up.
Jessica casts a spell at you. You resist with some effort.
The hobgoblin barely misses you.
Jessica looks very angry.
Jessica hits you with a +2 dagger of holy wrath.
You convulse.
Jessica points at you and mumbles some strange words.
Pain shoots through your body!
* * * LOW HITPOINT WARNING * * *
Jessica misses you.
Jessica casts a spell.
Jessica blinks!
Jessica gestures at you while chanting.
You barely resist. Jessica gestures at you while chanting.
Pain shoots through your body!
* * * LOW HITPOINT WARNING * * *
Jessica closely misses you. Jessica hits you but does no damage.
Jessica barely misses you. Jessica casts a spell at you.
Pain shoots through your body!
You die...

#....... #.......
#############
#.......
##.....#.....##
#.......
##.............##
#.......
#..^......<.....#
##......
#...............#
#......
#...............#
#.......
#.........@.....#
#.......
#........@......#
#.......
##...............#
#.(.....
##.....#.o...##..
...)....
#######g##### #.
....... #.# #
#######.###....
#.............#
#.#.o...####...


You could see Jessica (fast), an orc and a hobgoblin.

Vanquished Creatures
  An adder (D:2)
  2 dart slugs (D:1)
  4 bats
  7 endoplasms
  A giant cockroach (D:2)
  3 goblins
  4 hobgoblins (D:1)
  2 jackals (D:1)
  4 kobolds (D:1)
  A ball python (D:1)
  3 frilled lizards (D:1)
  2 rats (D:1)
34 creatures vanquished.

Vanquished Creatures (others)
  36 foxfires
36 creatures vanquished.

Grand Total: 70 creatures vanquished

Notes
Turn   | Place    | Note
-------+----------+-------------------------------------------
     0 | D:1      | wirefist the Demonspawn Fire Elementalist began the quest
                  | for the Orb.
     0 | D:1      | Reached XP level 1. HP: 13/13 MP: 3/3
   284 | D:1      | Gained mutation: You are partially covered in slimy green
                  | scales. (AC +2) [demonic ancestry]
   284 | D:1      | Reached XP level 2. HP: 17/20 MP: 0/5
   635 | D:1      | Found a faded altar of an unknown god.
  1122 | D:1      | Reached skill level 1 in Fighting
  1190 | D:1      | Gained mutation: You have large cloven feet. [demonic
                  | ancestry]
  1190 | D:1      | Reached XP level 3. HP: 23/26 MP: 6/6
  1540 | D:2      | Noticed Sigmund
  1587 | D:1      | Learned a level 2 spell: Blink
  1791 | D:2      | Reached skill level 3 in Fire Magic
  1893 | D:2      | Noticed Jessica
  1920 | D:2      | Killed from afar by Jessica

Illustrated notes

Levels and vault maps discovered:
D:1:      minmay_arrival_radiant_lines, layout_loops_ring,
          chequers_ecumenical_altar_simple
D:2:      layout_rooms, uniq_jessica, uniq_sigmund

Skill      XL: |  1  2  3 |
---------------+----------+-----
Dodging        | 2 |  2.2
Fighting       | 1 |  1.3
Fire Magic     | 3 |  3.0
Stealth        | |  1.9
Spellcasting   | |  2.3
Conjurations   | |  1.7

Action                   || total
-------------------------++-------
Melee: Whip              ||   105
       Unarmed           ||     2
       Kick              ||     5
 Cast: Foxfire           ||    22
 Stab: Sleeping          ||     5
Armor: Robe              ||    41
Dodge: Dodged            ||    89

Table legend: (Time is in decaauts)
 A = Elapsed time spent in this place.
 B = Non-inter-level travel time spent in this place.
 C = Inter-level travel time spent in this place.
 D = Time resting spent in this place.
 E = Time spent auto-exploring this place.
 F = Levels seen in this place.
 G = Mean time per level.
                   A        B        C        D        E       F      G
               +--------+--------+--------+--------+--------+-----+--------+
         Total |   1931 |   1914 |     17 |    166 |   1242 |   2 |  965.5 |
       Dungeon |   1931 |   1914 |     17 |    166 |   1242 |   2 |  965.5 |
               +--------+--------+--------+--------+--------+-----+--------+

Top non-repeatable levels by time:
     D:1: 1719 daAuts
     D:2: 211 daAuts
